 Dungeon Crawl Stone Soup version 0.19.5 (webtiles) character file.

213 tof the Cudgeler (level 5, 0/36 HPs)
             Began as a Demonspawn Gladiator on Mar 8, 2017.
             Slain by tof's ghost (5 damage)
             ... on level 4 of the Dungeon.
             The game lasted 00:07:15 (3195 turns).

tof the Cudgeler (Demonspawn Gladiator)             Turns: 3195, Time: 00:07:15

Health: 0/36       AC: 18    Str: 18      XL:     5   Next: 59%
Magic:  5/5        EV: 12    Int:  6 (9)  God:
Gold:   176        SH:  0    Dex: 14      Spells: 0 memorised, 4 levels left

rFire  . . .     SeeInvis .     a - +0 flail
rCold  . . .     Gourm    .     o - +2 ring mail {MR+}
rNeg   . . .     Faith    .     (no shield)
rPois  .         Spirit   .     t - +2 helmet
rElec  .         Reflect  .     w - +2 cloak
rCorr  .         Harm     .     (no gloves)
MR     +....                    k - +2 pair of boots
Stlth  ++........               (no amulet)
                                A - ring of stealth
                                (no ring)

@: no status effects
A: claws 1, thin metallic scales 1, frail 1, spiny 1, strong 1
a: no special abilities


You were on level 4 of the Dungeon.
You were not hungry.

You visited 1 branch of the dungeon, and saw 4 of its levels.

You collected 176 gold pieces.

Inventory:

Hand Weapons
 a - a +0 flail (weapon)
Missiles
 d - 3 throwing nets
 j - 17 poisoned needles
 y - 8 tomahawks (quivered)
Armour
 b - a +0 leather armour
 c - a +0 helmet
 k - a +2 pair of boots (worn)
 o - a +2 ring mail of magic resistance (worn)
 t - a +2 helmet (worn)
 w - a +2 cloak (worn)
Jewellery
 s - an uncursed ring of wizardry
 A - a ring of stealth (right claw)
Wands
 x - a wand of disintegration (15/24)
Scrolls
 e - 5 scrolls of identify
 h - a scroll of enchant weapon
 n - a scroll of teleportation
 p - a scroll of blinking {unknown}
 B - a scroll of immolation {unknown}
Potions
 r - 2 potions of agility
 v - a potion of heal wounds
Comestibles
 f - a bread ration
 g - a beef jerky
 i - 2 meat rations
 m - 4 fruits
 z - a slice of pizza


   Skills:
 * Level 3.3 Fighting
 * Level 4.1 Maces & Flails
 + Level 2.4 Throwing
 + Level 1.7 Armour
 + Level 3.1 Dodging


You had 4 spell levels left.
You didn't know any spells.

Dungeon Overview and Level Annotations

Branches:
Dungeon (4/15)
 Temple: D:4-7

Altars:
Ashenzari
Sif Muna

Annotations:
D:4 tof's ghost, amateur DsGl


Innate Abilities, Weirdness & Mutations

You are partially covered in thin metallic scales. (AC +2)
You are partially covered in sharp spines.
You have sharp fingernails.
You are frail. (-10% HP)
Your muscles are strong. (Str +2)


Message History

You barely miss tof's ghost.
Tof's ghost is lightly damaged.
Tof's ghost completely misses you.
You hit tof's ghost but do no damage.
Tof's ghost is lightly damaged.
Tof's ghost barely misses you.
You hit tof's ghost.
Tof's ghost is lightly damaged.
Tof's ghost hits you but does no damage.
You hit tof's ghost.
Tof's ghost is lightly damaged.
Tof's ghost hits you but does no damage.
Tof's ghost hits you!
* * * LOW HITPOINT WARNING * * *
You are too injured to fight recklessly!
You are too injured to fight recklessly!
Tof's ghost says, "They'll have to sweep you off the floor after I'm finished with you!"
There is a stone staircase leading down here.
Tof's ghost hits you.
You die...

##.#.#...........#
.#....#.####.#.##.#
......#......#..#.#
#.........#....#.#
......†...#.#..#.#
########.
####...##.#.#..#.#
#<.......
#......#.####.#####
##.######.
##W.##.#.# #.....#
...# #@....#.#
#####.# #########
#.# #...###.# #.#
........# #.#
#....... #.#
.######.# #.#
#..##### #..
......#.# #.# #..#
### .####.#.# #.#
#..# ## #.#.# #.#
#..# .. #.#.# #.#
#..# .#
#.#.###.####..#


You could see tof's ghost.

Vanquished Creatures
  A scorpion (D:4)
  An orc priest (D:3)
  A bullfrog skeleton (D:4)
  4 adders
  An ooze (D:2)
  2 worms (D:2)
  A dart slug (D:2)
  A leopard gecko (D:1)
  3 orcs (D:3)
  3 giant cockroaches
  2 goblins
  9 hobgoblins
  6 jackals (D:1)
  7 kobolds
  2 quokkas (D:3)
  2 ball pythons
  8 bats
  4 frilled lizards
  6 rats
64 creatures vanquished.

Notes
Turn   | Place    | Note
-------+----------+-------------------------------------------
     0 | D:1      | tof the Demonspawn Gladiator began the quest for the Orb.
     0 | D:1      | Reached XP level 1. HP: 16/16 MP: 1/1
   289 | D:1      | Gained mutation: You are partially covered in thin metallic scales. (AC +2) [demonic ancestry]
   289 | D:1      | Reached XP level 2. HP: 22/22 MP: 2/2
   298 | D:1      | Reached skill level 3 in Maces & Flails
   934 | D:1      | Reached skill level 1 in Armour
  1014 | D:1      | Gained mutation: You are partially covered in sharp spines. [demonic ancestry]
  1014 | D:1      | Reached XP level 3. HP: 27/27 MP: 3/3
  1329 | D:2      | Gained mutation: You have sharp fingernails. [potion of mutation]
  1329 | D:2      | Gained mutation: You are frail. (-10% HP) [potion of mutation]
  1329 | D:2      | Gained mutation: Your muscles are strong. (Str +2) [potion of mutation]
  1891 | D:2      | Reached XP level 4. HP: 30/30 MP: 4/4
  2330 | D:3      | Found a shattered altar of Ashenzari.
  2342 | D:3      | Found a deep blue altar of Sif Muna.
  3008 | D:4      | Reached XP level 5. HP: 36/36 MP: 5/5
  3051 | D:4      | Reached skill level 4 in Maces & Flails
  3176 | D:4      | Noticed tof's ghost (amateur DsGl)
  3195 | D:4      | Slain by tof's ghost

Skill      XL: |  1  2  3  4  5 |
---------------+----------------+-----
Maces & Flails | 3 4 |  4.1
Armour         | 1 |  1.7
Throwing       | 2 |  2.4
Dodging        | 3 |  3.1
Fighting       | 3 |  3.3

Action                   |  1- 3 |  4- 6 || total
-------------------------+-------+-------++-------
Melee: Flail             |   108 |    75 ||   183
  Use: Potion            |     4 |     4 ||     8
       Scroll            |     4 |     3 ||     7
 Stab: Sleeping          |     1 |     1 ||     2
  Eat: Chunk             |     3 |     5 ||     8
Armor: Leather armour    |    42 |       ||    42
       Ring mail         |     9 |    40 ||    49
Dodge: Dodged            |    89 |    41 ||   130
